 Dungeon Crawl Stone Soup version 0.29-a0-337-g68df138881 (webtiles) character file.

Game seed: 1121606429262061899

36 spaghetti the Conjurer (level 3, -1/21 HPs)
             Began as an Octopode Conjurer on Apr 16, 2022.
             Was a Follower of Okawaru.
             Slain by a gnoll
             ... wielding a +0 flail
              (3 damage)
             ... on level 2 of the Dungeon.
             The game lasted 00:01:53 (1335 turns).

spaghetti the Conjurer (Octopode Conjurer)          Turns: 1335, Time: 00:01:53

Health: -1/21      AC:  3    Str:  6    XL:     3   Next: 37%
Magic:  2/6        EV: 10    Int: 22    God:    Okawaru [*.....]
Gold:   55         SH:  0    Dex: 10    Spells: 3/6 levels left

rFire   . . .      SeeInvis .   (no weapon)
rCold   . . .      Faith    .   (no shield)
rNeg    + . .      Spirit   .   q - +2 hat
rPois   .          Reflect  .   (no amulet)
rElec   .          Harm     .   b - ring of resist corrosion
rCorr   +          Rampage  .   c - ring of positive energy
Will    .....                   (no ring)
Stlth   +++.......              (no ring)
HPRegen 0.07/turn               (no ring)
MPRegen 0.10/turn               (no ring)
                                (no ring)
                                (no ring)

@: constricted
A: almost no armour, amphibious, 8 rings, camouflage 1, gelatinous body 1,
(nimble swimmer 1), tentacles
a: Renounce Religion, Heroism


You were on level 2 of the Dungeon.
You worshipped Okawaru.
Okawaru was aware of your devotion.
You visited 1 branch of the dungeon, and saw 2 of its levels.

You collected 55 gold pieces.


Innate Abilities, Weirdness & Mutations

You cannot wear most types of armour.
You are amphibious.
You can wear up to eight rings at the same time.
Your skin changes colour to match your surroundings (Stealth+).
Your rubbery body absorbs attacks. (AC +1, EV +1)
((You are camouflaged when in or above water. (Stealth+)))
You have tentacles for arms and can constrict up to eight enemies at once.


   Skills:
 - Level 2.0 Dodging
 - Level 2.6 Stealth
 - Level 2.0 Spellcasting
 + Level 4.7 Conjurations
 * Level 1.6 Translocations


You had 3 spell levels left.
You knew the following spells:

 Your Spells              Type           Power      Damage    Failure   Level
a - Magic Dart            Conj           88%        1d7       1%          1
b - Searing Ray           Conj           44%        2d6       3%          2

Your spell library contained the following spells:

 Spells                   Type           Power      Damage    Failure   Level
 Beastly Appendage        Tmut           4%         N/A       14%         1
 Dazzling Flash           Conj/Hex       24%        N/A       16%         3
 Wereblood                Tmut           2%         N/A       21%         2
 Gell's Gravitas          Tloc           9%         N/A       22%         3
 Lesser Beckoning         Tloc           9%         N/A       22%         3
 Teleport Other           Tloc           9%         N/A       22%         3
 Spider Form              Tmut/Pois      2%         N/A       38%         3
 Iskenderun's Mystic Bla  Conj/Tloc      16%        2d5       36%         4
 Fulminant Prism          Conj/Hex       6%         3d7       45%         4

Inventory:

Hand Weapons
 e - a +0 dagger {short}
   (You found it on level 1 of the Dungeon)
 l - a +0 hand axe {axe}
   (You found it on level 1 of the Dungeon)
 m - a +0 whip {mace}
   (You took it off a kobold on level 1 of the Dungeon)
 n - a +0 club {mace}
   (You took it off a goblin on level 1 of the Dungeon)
Missiles
 d - 4 poisoned darts {throwing}
 g - 16 stones {throwing}
 j - 3 javelins {throwing}
Armour
 q - a +2 hat (worn)
   (You found it on level 1 of the Dungeon)
Jewellery
 b - a ring of resist corrosion (left tentacle)
   (You found it on level 1 of the Dungeon)
 c - a ring of positive energy (right tentacle)
   (You found it on level 1 of the Dungeon)
Scrolls
 f - a scroll of identify {@r1}
 i - a scroll of immolation {!r!r}
 k - a scroll of fear
 p - a scroll of holy word {unknown}
 s - a scroll of vulnerability {unknown}
Potions
 a - a potion of magic
 h - a potion of might {unknown}
 o - a potion of resistance {unknown}
 r - a potion of brilliance {unknown}

Dungeon Overview and Level Annotations

Branches:
Dungeon (2/15)

Altars:
Okawaru

...............
#...#.....# ###
#........## # !.#
#.....#### .. #.#
#.....# #.# #.# ##...##
.. #<# #...#######
#.##.### #...##.....
#..#..@S..###...##.####
........g.g.g...........
.##.#......†............
......>J...............
.#..#..###.###...##.....
#.##.. ...# #...#######
#. ##.##### #...# . ..
#...# # #...###


You could see 3 gnolls, an endoplasm (wandering, inner flame) and a ball python
(inner flame).


Message History

Aim: a goblin, wielding a +0 club (wandering, hasn't noticed you, 100% to hit)
The magic dart hits the goblin.
The goblin shouts!
You hear a shout!
A gnoll comes into view. It is wielding a +0 flail. 😎 MP[-1]
You lost 1 mp, and now have 5/6 mp.
Casting: Magic Dart (safe; 1% risk of failure)
Confirm with . or Enter, or press ? or * to list all spells.
Aiming: Magic Dart (safe; 1% risk of failure)
Press: ? - help, Shift-Dir - straight line, f - gnoll
Aim: a gnoll, wielding a +0 flail (100% to hit)
You miscast Magic Dart.
You are very lightly contaminated with residual magic.
Nothing appears to happen.
The gnoll shouts!
You hear an angry hiss.
A ball python comes into view.
A gnoll comes into view. It is wielding a +0 flail. 😎 MP[-1]
You lost 1 mp, and now have 4/6 mp.
Casting: Magic Dart (safe; 1% risk of failure)
Confirm with . or Enter, or press ? or * to list all spells.
Aiming: Magic Dart (safe; 1% risk of failure)
Press: ? - help, Shift-Dir - straight line, f - goblin
Aim: a goblin, wielding a +0 club (moderately wounded, 100% to hit)
The magic dart hits the goblin. 😎 MP[-1]
You lost 1 mp, and now have 3/6 mp.
Casting: Magic Dart (safe; 1% risk of failure)
Confirm with . or Enter, or press ? or * to list all spells.
Aiming: Magic Dart (safe; 1% risk of failure)
Press: ? - help, Shift-Dir - straight line, f/p - goblin
Aim: a goblin, wielding a +0 club (severely wounded, 100% to hit)
The magic dart hits the goblin.
You kill the goblin!
Okawaru accepts your kill. 😎 MP[-1]
You lost 1 mp, and now have 2/6 mp.
Casting: Magic Dart (safe; 1% risk of failure)
Confirm with . or Enter, or press ? or * to list all spells.
Aiming: Magic Dart (safe; 1% risk of failure)
Press: ? - help, Shift-Dir - straight line, f - gnoll
Aim: a gnoll, wielding a +0 flail (100% to hit)
The magic dart hits the gnoll but does no damage. 😎 MP[-1]
You lost 1 mp, and now have 1/6 mp.
Casting: Magic Dart (safe; 1% risk of failure)
Confirm with . or Enter, or press ? or * to list all spells.
Aiming: Magic Dart (safe; 1% risk of failure)
Press: ? - help, Shift-Dir - straight line, f/p - gnoll
Aim: a gnoll, wielding a +0 flail (100% to hit)
The magic dart hits the gnoll.
The gnoll barely misses you. 😎 MP[-1]
You lost 1 mp, and now have 0/6 mp.
Casting: Magic Dart (safe; 1% risk of failure)
Confirm with . or Enter, or press ? or * to list all spells.
You don't have enough magic to cast this spell.
Casting: Magic Dart (safe; 1% risk of failure)
Confirm with . or Enter, or press ? or * to list all spells.
You don't have enough magic to cast this spell.
The gnoll attacks as you move away! The gnoll hits you with a +0 flail!
Your magical contamination has completely faded away. 😮 HP[-9]
You take 9 damage, and now have 12/21 hp.
MASSIVE DAMAGE!! (PAUSE) 😮 MP[+1]
The gnoll attacks as you move away! The gnoll barely misses you.
The gnoll attacks as you move away! The gnoll barely misses you.
Found a stone staircase leading up.
The ball python attacks as you move away!
The ball python barely misses you. x2
An endoplasm comes into view.
The ball python attacks as you move away!
The ball python bites you.
* * * LOW HITPOINT WARNING * * *
The ball python misses you. The gnoll attacks as you move away!
The gnoll hits you with a +0 flail!
* * * LOW HITPOINT WARNING * * *
😱 HP[-10] MP[+1]
You take 10 damage, and now have 2/21 hp.
MASSIVE DAMAGE!! (PAUSE)
Okay, then.
The ball python attacks as you move away!
The ball python barely misses you. The ball python misses you.
The ball python grabs you.
The ball python constricts you. 😱 HP[+1]
As you read the scroll labelled KIBOETAMIH, it crumbles to dust.
The creatures around you are filled with an inner flame!
It was a scroll of immolation.
The ball python completely misses you. The ball python constricts you.
* * * LOW HITPOINT WARNING * * *
The gnoll barely misses you. 😱 HP[-1]
You take 1 damage, and now have 2/21 hp.
As you read the scroll labelled DAFADI ZIFA, it crumbles to dust.
It is a scroll of identify.
k - a scroll of fear The ball python closely misses you.
The ball python constricts you. The gnoll hits you with a +0 flail.
You die...

Skill      XL: |  1  2 |
---------------+-------+-----
Translocations | 1 |  1.6
Dodging        | |  2.0
Stealth        | |  2.6
Spellcasting   | |  2.0
Conjurations   | |  4.7

Action                   || total
-------------------------++-------
Melee: Unarmed           ||     7
       Constrict         ||     3
 Cast: Magic Dart        ||    53
       Searing Ray       ||     1
  Use: Scroll            ||     2
Dodge: Dodged            ||    15

Levels and vault maps discovered:
D:1:      beargit_arrival_diablo_church, layout_rooms,
          ebering_ecumenical_altar_mist, minmay_misc_feat_chi
D:2:      layout_loops_cross

Notes
Turn   | Place    | Note
-------+----------+-------------------------------------------
     0 | D:1      | spaghetti the Octopode Conjurer began the quest for the
                  | Orb.
     0 | D:1      | Reached XP level 1. HP: 11/11 MP: 3/3
     0 | D:1      | magus.rc [v1.9.6]
   136 | D:1      | Found a faded altar of an unknown god.
   155 | D:1      | Prayed at the altar of an unknown god.
   155 | D:1      | Became a worshipper of Warmaster Okawaru
   155 | D:1      | Reached * piety under Okawaru
   209 | D:1      | Reached XP level 2. HP: 17/17 MP: 1/5
   302 | D:1      | You pick up a book of Displacement and begin reading...
   302 | D:1      | You add the spells Lesser Beckoning, Gell's Gravitas and
                  | Teleport Other to your library.
   451 | D:1      | Learned a level 2 spell: Searing Ray
   606 | D:1      | You pick up a book of Changes and begin reading...
   606 | D:1      | You add the spells Beastly Appendage, Wereblood and Spider
                  | Form to your library.
   682 | D:1      | Reached skill level 1 in Translocations
   865 | D:1      | Reached XP level 3. HP: 21/21 MP: 3/6
  1332 | D:2      | HP: 2/21 [gnoll/+0 flail (7)]
  1335 | D:2      | Slain by a gnoll

Vanquished Creatures
  3 bats
  4 endoplasms
  3 giant cockroaches
  2 goblins
  5 hobgoblins (D:1)
  3 jackals (D:1)
  A kobold (D:1)
  2 quokkas
  2 ball pythons (D:1)
  A frilled lizard (D:1)
  2 rats (D:1)
28 creatures vanquished.

Table legend:
 A = Non-vault XP
 B = Vault XP
 C = Vault XP percentage of total XP
 D = Non-vault monster count
 E = Vault monster count
 F = Vault count percentage of total count
                 A         B        C        D         E       F
            +---------+---------+-------+---------+---------+-------
      Total |      51 |       1 |   1.9 |      27 |       1 |   3.6
            +---------+---------+-------+---------+---------+-------
        D:1 |      41 |       1 |   2.4 |      22 |       1 |   4.3
        D:2 |      10 |       0 |   0.0 |       5 |       0 |   0.0
            +---------+---------+-------+---------+---------+-------

Illustrated notes

Table legend:
 A = Kills in this place as a percentage of kills in entire the game.
 B = Kills by you in this place as a percentage of kills by you in the entire game.
 C = Kills by friends in this place as a percentage of kills by friends in the entire game.
 D = Other kills in this place as a percentage of other kills in the entire game.
 E = Experience gained in this place as a percentage of experience gained in the entire game.
 F = Experience gained in this place divided by the number of levels of this place that you have seen.
                   A       B       C       D       E      F
               +-------+-------+-------+-------+-------+----------------------
         Total | 100.0 | 100.0 |   N/A |   N/A | 100.0 |  26.0
       Dungeon | 100.0 | 100.0 |   N/A |   N/A | 100.0 |  26.0
               +-------+-------+-------+-------+-------+----------------------

Table legend: (Time is in decaauts)
 A = Elapsed time spent in this place.
 B = Non-inter-level travel time spent in this place.
 C = Inter-level travel time spent in this place.
 D = Time resting spent in this place.
 E = Time spent auto-exploring this place.
 F = Levels seen in this place.
 G = Mean time per level.
                   A        B        C        D        E       F      G
               +--------+--------+--------+--------+--------+-----+--------+
         Total |   1333 |   1264 |     69 |    162 |    948 |   2 |  666.5 |
       Dungeon |   1333 |   1264 |     69 |    162 |    948 |   2 |  666.5 |
               +--------+--------+--------+--------+--------+-----+--------+

Top non-repeatable levels by time:
     D:1: 1046 daAuts
     D:2: 287 daAuts
